 Dungeon Crawl Stone Soup version 0.16.2-12-gd0ad4c3 (webtiles) character file.

102 Kagerus the Poker (level 5, -1/39 HPs)
             Began as a Human Gladiator on Oct 6, 2015.
             Slain by Musteatbrain's ghost (9 damage)
             ... on level 3 of the Dungeon.
             The game lasted 00:09:39 (2977 turns).

Kagerus the Poker (Human Gladiator)                 Turns: 2977, Time: 00:09:41

Health: -1/39      AC: 10    Str: 16    XL:     5   Next: 6%
Magic:  5/5        EV:  7    Int:  8    God:
Gold:   129        SH:  0    Dex: 14    Spells: 0 memorised, 4 levels left

rFire  . . .     SeeInvis .     a - +0 trident
rCold  . . .     Clarity  .     j - +0 chain mail
rNeg   . . .     SustAb   .     (no shield)
rPois  .         Gourm    .     c - +0 helmet
rElec  .         Spirit   .     (no cloak)
rCorr  .         Warding  .     (no gloves)
rMut   .         Stasis   .     o - +0 pair of boots
MR     .....                    (no amulet)
Stlth  ..........               (no ring)
                                (no ring)

@: very slightly contaminated, heavily drained, invisible (expiring), not
resistant to hostile enchantments, extremely unstealthy
A: no striking features
a: no special abilities


You were on level 3 of the Dungeon.
You were not hungry.

You visited 1 branch of the dungeon, and saw 3 of its levels.

You collected 129 gold pieces.

Inventory:

Hand weapons
 a - a +0 trident (weapon)
Missiles
 d - 3 throwing nets (quivered)
Armour
 c - a +0 helmet (worn)
 j - a +0 chain mail (worn)
 o - a +0 pair of boots (worn)
Scrolls
 e - 3 scrolls of amnesia {unknown}
 k - a scroll of noise {unknown}
 l - a scroll of teleportation {unknown}
 m - a scroll of magic mapping {unknown}
 r - a scroll of identify
 s - a scroll of enchant armour {unknown}
Potions
 g - 3 potions of curing
 n - 3 potions of magic
 p - a potion of haste
 q - a potion of might {unknown}
Comestibles
 f - a bread ration
 i - a meat ration


   Skills:
 + Level 2.6(0.9) Fighting
 * Level 3.9(2.1) Polearms
 - Level 2.0(0.3) Throwing
 * Level 2.9(1.2) Armour
 - Level 3.0(1.2) Dodging


You had 4 spell levels left.
You didn't know any spells.

Dungeon Overview and Level Annotations

Branches:
Dungeon (3/15)

Altars:
Qazlal
Zin

Annotations:
D:3 Musteatbrain's ghost, average DsFi


Message History

You miss Musteatbrain's ghost.
Musteatbrain's ghost is lightly damaged.
Musteatbrain's ghost hits you but does no damage.
Your chain mail prevents you from hitting Musteatbrain's ghost.
Musteatbrain's ghost is lightly damaged.
Musteatbrain's ghost hits you!
You hit Musteatbrain's ghost.
Musteatbrain's ghost is moderately damaged.
Musteatbrain's ghost barely misses you.
You hit Musteatbrain's ghost but do no damage.
Musteatbrain's ghost is moderately damaged.
Musteatbrain's ghost closely misses you.
Musteatbrain's ghost screams, "They lied to you.
The Dungeon just goes down and down forever."
Musteatbrain's ghost hits you!
* * * LOW HITPOINT WARNING * * *
You miss Musteatbrain's ghost.
Musteatbrain's ghost is moderately damaged.
You flicker for a moment.
Musteatbrain's ghost hits you!
You die...

#.# ... #.# #.# # #.#.#
#########
#.#.############.......#
....#.............####.#
..###..###..####..####.#
).###....#..##.W@...##.#
.......#.....<.#..#.##.#
#.##........####.......#
.....<#####.#####.#.####
#.................#.#
#.##..#############.#
........####### #.#
......#)#.....# #.#
##.##.#.#.....# #.#


You could see Musteatbrain's ghost.

Vanquished Creatures
  An adder (D:2)
  2 worms
  4 giant geckos
  3 oozes
  An orc (D:3)
  3 ball pythons
  2 giant cockroaches (D:2)
  9 goblins
  9 hobgoblins
  4 jackals (D:2)
  3 quokkas
  8 bats
  2 giant newts
  11 kobolds
  6 rats
68 creatures vanquished.

Notes
Turn   | Place    | Note
--------------------------------------------------------------
     0 | D:1      | Kagerus, the Human Gladiator, began the quest for the Orb.
     0 | D:1      | Reached XP level 1. HP: 16/16 MP: 1/1
   223 | D:1      | Reached XP level 2. HP: 19/22 MP: 2/2
   497 | D:1      | Reached skill level 1 in Armour
   515 | D:1      | Reached XP level 3. HP: 11/27 MP: 3/3
  1291 | D:2      | Reached XP level 4. HP: 26/34 MP: 4/4
  2272 | D:3      | Found a stormy altar of Qazlal.
  2427 | D:3      | Reached XP level 5. HP: 39/39 MP: 5/5
  2459 | D:3      | Found a glowing silver altar of Zin.
  2541 | D:3      | Noticed Musteatbrain's ghost (average DsFi)
  2977 | D:3      | Slain by Musteatbrain's ghost

Action                   |  1- 3 |  4- 6 || total
-------------------------+-------+-------++-------
Melee: Trident           |   145 |   135 ||   280
  Use: Scroll            |       |     4 ||     4
       Potion            |       |     2 ||     2
 Stab: Sleeping          |     1 |       ||     1
       Invisible         |       |     1 ||     1
  Eat: Chunk             |     1 |     4 ||     5
       Meat ration       |       |     1 ||     1
